 Dungeon Crawl Stone Soup version 0.18.1-48-g4cf74bf (webtiles) character file.

2140 Peloso the Protected (level 9, -5/79 HPs)
             Began as a Minotaur Fighter on Aug 7, 2016.
             Slain by a ten-headed hydra (12 damage)
             ... on level 6 of the Dungeon.
             The game lasted 00:12:34 (4573 turns).

Peloso the Protected (Minotaur Fighter)             Turns: 4573, Time: 00:12:37

Health: -5/79      AC: 12    Str: 29    XL:     9   Next: 9%
Magic:  0/8        EV:  9    Int:  5    God:
Gold:   319        SH: 12    Dex: 12    Spells: 0 memorised, 8 levels left

rFire  . . .     SeeInvis .     a - +0 long sword
rCold  . . .     Gourm    .     v - +0 chain mail
rNeg   + . .     Faith    .     c - +0 shield
rPois  .         Spirit   +     (helmet restricted)
rElec  .         Dismiss  .     (no cloak)
rCorr  .         Reflect  .     (no gloves)
SustAt .         Harm     .     w - +0 pair of boots
MR     +....                    r - amulet of guardian spirit
Stlth  ..........               C - ring of positive energy
                                l - ring of protection from magic

@: mighty, somewhat resistant to hostile enchantments, extremely unstealthy
A: retaliatory headbutt, horns 2, mutation resistance 1, strong 1
a: no special abilities


You were on level 6 of the Dungeon.
You were not hungry.

You visited 1 branch of the dungeon, and saw 7 of its levels.

You collected 319 gold pieces.

Inventory:

Hand Weapons
 a - a +0 long sword (weapon)
Armour
 b - a +0 scale mail
 c - a +0 shield (worn)
 v - a +0 chain mail (worn)
 w - a +0 pair of boots (worn)
Jewellery
 l - a ring of protection from magic (left hand)
 r - an amulet of guardian spirit (around neck)
 s - an uncursed ring of wizardry
 C - a ring of positive energy (right hand)
 D - an uncursed amulet of rage
Wands
 t - a wand of lightning (11/15)
 E - a wand of polymorph (10/24)
 F - a wand of acid (8/15)
Scrolls
 e - 2 scrolls of teleportation {unknown}
 g - 3 scrolls of recharging {unknown}
 h - a scroll of noise {unknown}
 j - 7 scrolls of identify {unknown}
 k - 3 scrolls of enchant armour {unknown}
 m - 3 scrolls of remove curse {unknown}
 o - 3 scrolls of amnesia {unknown}
 u - a scroll of magic mapping {unknown}
 y - 2 scrolls of fear {unknown}
 A - a scroll of blinking {unknown}
Potions
 n - a potion of heal wounds {unknown}
 p - a potion of magic {unknown}
 q - 2 potions of curing
 x - 3 potions of agility {unknown}
 z - a potion of berserk rage {unknown}
 B - a potion of degeneration {unknown}
Comestibles
 f - 3 bread rations
 i - a slice of pizza
 H - 2 meat rations
 I - a beef jerky


   Skills:
 + Level 7.2 Fighting
 + Level 5.9 Long Blades
 + Level 8.3 Armour
 + Level 4.5 Dodging
 + Level 0.6 Stealth
 + Level 8.1 Shields


You had 8 spell levels left.
You didn't know any spells.

Dungeon Overview and Level Annotations

Branches:
Dungeon (7/15)
 Temple: D:4-7

Altars:
Dithmenos
Elyvilon
Fedhas
Kikubaaqudgha
Makhleb
Qazlal
Ru
Yredelemnul


Innate Abilities, Weirdness & Mutations

You reflexively headbutt those who attack you in melee.
You have a pair of horns on your head.
You are somewhat resistant to further mutation.
Your muscles are strong. (Str +2)


Message History

The ten-headed hydra bites you!
* * * LOW HITPOINT WARNING * * *
You block the ten-headed hydra's attack.
The ten-headed hydra bites you but does no damage. x2
You block the ten-headed hydra's attack.
The ten-headed hydra bites you but does no damage.
The ten-headed hydra closely misses you.
You barely miss the ten-headed hydra.
The ten-headed hydra is moderately wounded.
The ten-headed hydra bites you!
* * * LOW HITPOINT WARNING * * *
The ten-headed hydra bites you but does no damage.
The ten-headed hydra barely misses you.
The ten-headed hydra bites you but does no damage.
The ten-headed hydra bites you.
* * * LOW HITPOINT WARNING * * *
The ten-headed hydra bites you.
* * * LOW HITPOINT WARNING * * *
The ten-headed hydra bites you!
You die...

##..(# #....#####
#...##...##### ####
##..##...##..###...
##..##.............
#..................
#...##...##..###..#
####..##...#######..#
#...@.##....#....#..+
##...D......#....#..#
#....##...##....#..#
#####...##...##....#..#
##..##'####.........#..#
#...#.........##..###..#
##..'.........##..###..#
#..#..............#....
#..###..##...##..)'(..#


You could see a ten-headed hydra.

Vanquished Creatures
  A hungry ghost (D:7)
  2 ice beasts
  A sky beast (D:6)
  A phantom (D:6)
  2 centaurs (D:6)
  3 giant frogs
  3 scorpions
  A howler monkey (D:5)
  4 wights (D:7)
  4 crimson imps
  A giant frog zombie (D:4)
  2 centaur zombies
  A hound (D:6)
  An orc priest (D:6)
  A giant frog skeleton (D:4)
  A jelly (D:5)
  4 orc wizards
  2 iguanas
  A worker ant (D:6)
  A hound zombie (D:6)
  A howler monkey zombie (D:4)
  3 worker ant zombies
  12 gnolls
  8 adders
  3 shadow imps
  An ooze (D:1)
  2 adder zombies (D:4)
  3 adder skeletons
  2 dart slugs
  A giant gecko (D:7)
  27 orcs
  2 ball pythons
  3 giant cockroaches
  5 goblins
  7 hobgoblins
  2 jackals (D:6)
  3 quokkas
  6 bats
  5 giant newts
  A jackal skeleton (D:4)
  A jackal zombie (D:4)
  7 kobolds
  6 rats
148 creatures vanquished.

Vanquished Creatures (others)
  An orc wizard (D:6)
1 creature vanquished.

Grand Total: 149 creatures vanquished

Notes
Turn   | Place    | Note
--------------------------------------------------------------
     0 | D:1      | Peloso the Minotaur Fighter began the quest for the Orb.
     0 | D:1      | Reached XP level 1. HP: 19/19 MP: 0/0
    51 | D:1      | Reached XP level 2. HP: 17/27 MP: 1/1
   757 | D:1      | Reached XP level 3. HP: 33/33 MP: 2/2
   861 | D:2      | Gained mutation: Your muscles are strong. (Str +2) [potion of mutation]
   861 | D:2      | Gained mutation: You are somewhat resistant to further mutation. [potion of mutation]
  1455 | D:3      | Reached XP level 4. HP: 40/40 MP: 3/3
  1468 | D:3      | Reached skill level 1 in Dodging
  1620 | D:3      | Reached XP level 5. HP: 26/46 MP: 2/4
  1825 | D:4      | Reached skill level 5 in Armour
  1944 | D:4      | Reached XP level 6. HP: 47/53 MP: 3/5
  2091 | D:4      | Reached skill level 5 in Shields
  2195 | D:4      | Reached skill level 5 in Fighting
  2439 | D:5      | Entered Level 5 of the Dungeon
  2472 | D:5      | Found a blossoming altar of Fedhas.
  2472 | D:5      | Found an ancient bone altar of Kikubaaqudgha.
  2525 | D:5      | Found a shadowy altar of Dithmenos.
  2639 | D:5      | Reached XP level 7. HP: 58/61 MP: 6/6
  3221 | D:6      | Reached XP level 8. HP: 11/70 MP: 1/7
  3245 | D:6      | Reached skill level 5 in Long Blades
  4118 | D:6      | Found a basalt altar of Yredelemnul.
  4120 | D:6      | Found a burning altar of Makhleb.
  4120 | D:6      | Found a white marble altar of Elyvilon.
  4124 | D:6      | Found a sacrificial altar of Ru.
  4125 | D:6      | Found a stormy altar of Qazlal.
  4465 | D:7      | Reached XP level 9. HP: 58/79 MP: 8/8
  4529 | D:7      | Noticed a seven-headed hydra
  4573 | D:6      | Slain by a ten-headed hydra

Skill      XL: |  1  2  3  4  5  6  7  8 |
---------------+-------------------------+-----
Shields        | 4 5 6 8 |  8.1
Fighting       | 4 5 6 7 |  7.2
Armour         | 4 5 6 8 |  8.3
Long Blades    | 3 4 5 |  5.9
Dodging        | 1 2 3 4 |  4.5
Stealth        | |  0.6

Action                   |  1- 3 |  4- 6 |  7- 9 || total
-------------------------+-------+-------+-------++-------
Melee: Long sword        |    88 |   122 |   244 ||   454
       Headbutt          |    16 |    22 |    65 ||   103
  Use: Potion            |     2 |       |     3 ||     5
  Eat: Chunk             |     2 |     4 |    12 ||    18
Armor: Scale mail        |    36 |     7 |       ||    43
       Chain mail        |       |    56 |   160 ||   216
Dodge: Dodged            |    28 |    62 |    89 ||   179
Block: Shield            |    47 |    69 |   194 ||   310
